 Dungeon Crawl Stone Soup version 0.24-a0-139-geb6712d (console) character file.

Game seed: 3221843026843613806

31 bli the Slasher (level 3, 0/33 HPs)
             Began as a Minotaur Monk on Mar 2, 2019.
             Slain by a gnoll
             ... wielding a cursed -1 halberd
              (5 damage)
             ... on level 2 of the Dungeon.
             The game lasted 00:02:31 (838 turns).

bli the Slasher (Minotaur Monk)                      Turns: 838, Time: 00:02:32

Health: 0/33       AC:  3    Str: 15    XL:     3   Next: 7%
Magic:  2/2        EV: 13    Int:  7    God:
Gold:   60         SH:  0    Dex: 13    Spells: 2/2 levels left

rFire    . . .     SeeInvis .   a - +0 falchion
rCold    . . .     Gourm    .   (no shield)
rNeg     . . .     Faith    .   l - +0 leather armour
rPois    .         Spirit   .   (helmet restricted)
rElec    .         Reflect  .   (no cloak)
rCorr    .         Harm     .   (no gloves)
MR       .....                  (no boots)
Stlth    ++........             (no amulet)
HPRegen  0.11/turn              (no ring)
MPRegen  0.08/turn              (no ring)

@: lethally poisoned (0 -> -3)
A: retaliatory headbutt, horns 2
a: no special abilities


You were on level 2 of the Dungeon.
You were not hungry.

You visited 1 branch of the dungeon, and saw 2 of its levels.

You collected 60 gold pieces.

Inventory:

Hand Weapons
 a - a +0 falchion (weapon)
Missiles
 h - 25 sling bullets
Armour
 b - a +0 robe
 k - a +0 ring mail
 l - a +0 leather armour (worn)
Scrolls
 e - a scroll of amnesia {unknown}
 f - a scroll of enchant armour {unknown}
 i - 4 scrolls of remove curse {unknown}
 j - a scroll of random uselessness {unknown}
 m - a scroll of identify {unknown}
 o - a scroll of teleportation {unknown}
Potions
 d - a potion of curing {unknown}
 g - a potion of resistance {unknown}
Comestibles
 c - 2 rations
 n - a chunk of flesh


   Skills:
 + Level 4.0 Fighting
 * Level 4.4 Long Blades
 + Level 0.2 Armour
 + Level 3.7 Dodging
 - Level 1.5 Stealth


You had 2 spell levels left.
You didn't know any spells.
Your spell library was empty.

Dungeon Overview and Level Annotations

Branches:
Dungeon (2/15)

Altars:


Innate Abilities, Weirdness & Mutations

You reflexively headbutt those who attack you in melee.
You have a pair of horns on your head.


Message History

You completely miss the adder.
You headbutt the adder, but do no damage.
The gnoll misses you. The adder bites you but does no damage.
You hit the adder.
The adder is heavily wounded.
The adder bites you.
* * * LOW HITPOINT WARNING * * *
You are poisoned.
The adder poisons you!
The gnoll hits you from afar with a cursed -1 halberd.
* * * LOW HITPOINT WARNING * * *
You feel sick. The adder misses you.
You hit the adder.
The adder is almost dead.
The adder bites you but does no damage. The gnoll misses you.
You closely miss the adder.
The adder is almost dead.
You feel sick. The adder barely misses you.
The gnoll hits you from afar with a cursed -1 halberd.
You die...

##.## .## #...# .>
#...######..
#........#.#
#####....###)#.#
#............#.##...
....................
#............#......
#####....###.####...
#..........# ..
#@#######.## #S# #.#
#g# #.# #g# #.# #g#
#.# #)# #.# ..# #.#
#... #.#. .. .. ##
.?


You could see 3 gnolls and an adder.

Vanquished Creatures
  A gnoll (D:2)
  A dart slug (D:2)
  A leopard gecko (D:1)
  A giant cockroach (D:1)
  3 hobgoblins (D:1)
  A kobold (D:1)
  A bat (D:1)
  4 goblins
  6 rats
19 creatures vanquished.

Notes
Turn   | Place    | Note
-------+----------+-------------------------------------------
     0 | D:1      | bli the Minotaur Monk began the quest for the Orb.
     0 | D:1      | Reached XP level 1. HP: 19/19 MP: 0/0
   229 | D:1      | Reached XP level 2. HP: 24/27 MP: 1/1
   824 | D:2      | Reached XP level 3. HP: 31/33 MP: 2/2
   838 | D:2      | Slain by a gnoll

Levels and vault maps discovered:
D:1:      kennysheep_arrival_seaside, layout_loops_ring, corexii_corridor_pit
D:2:      layout_loops_cross, first_ration, kennysheep_pointless_box,
          serial_bayou_ford_a

Skill      XL: |  1  2 |
---------------+-------+-----
Long Blades    | 4 |  4.4
Fighting       | 4 |  4.0
Armour         | |  0.2
Dodging        | |  3.7
Stealth        | |  1.5

Action                   || total
-------------------------++-------
Melee: Falchion          ||    41
       Headbutt          ||     7
 Stab: Distracted        ||     1
Armor: Robe              ||     1
       Leather armour    ||     5
Dodge: Dodged            ||    26
       Rpst.: Falchion   ||     4

Table legend:
 A = Non-vault XP
 B = Vault XP
 C = Vault XP percentage of total XP
 D = Non-vault monster count
 E = Vault monster count
 F = Vault count percentage of total count
                 A         B        C        D         E       F
            +---------+---------+-------+---------+---------+-------
      Total |      45 |       0 |   0.0 |      19 |       0 |   0.0
            +---------+---------+-------+---------+---------+-------
        D:1 |      24 |       0 |   0.0 |      15 |       0 |   0.0
        D:2 |      21 |       0 |   0.0 |       4 |       0 |   0.0
            +---------+---------+-------+---------+---------+-------
